 Dungeon Crawl Stone Soup version 0.27.1-33-g824d729ab1 (webtiles) character file.

Game seed: 11537026284889005299

5069 alasdair19 the Carver (level 10, -9/84 HPs)
             Began as a Minotaur Fighter on Dec 7, 2021.
             Was an Elder of Okawaru.
             Mangled by a skeletal warrior (22 damage)
             ... led by a skeletal warrior
             ... on level 7 of the Dungeon.
             The game lasted 00:15:15 (6791 turns).

alasdair19 the Carver (Minotaur Fighter)            Turns: 6791, Time: 00:15:15

Health: -9/84      AC: 16    Str: 23    XL:     10   Next: 31%
Magic:  11/13      EV:  9    Int:  6    God:    Okawaru [****..]
Gold:   308        SH: 19    Dex: 16    Spells: 9/9 levels left

rFire    . . .     SeeInvis .   a - +1 long sword
rCold    . . .     Faith    .   c - +0 kite shield
rNeg     . . .     Spirit   .   d - +0 plate armour
rPois    .         Reflect  +   (helmet restricted)
rElec    .         Harm     .   (no cloak)
rCorr    .         Rampage  .   (no gloves)
Will     .....                  (no boots)
Stlth    ..........             w - amulet of reflection
HPRegen  0.24/turn              i - +4 ring of slaying
MPRegen  0.13/turn              r - +6 ring of dexterity

@: heroic
A: horns 2, retaliatory headbutt
a: Renounce Religion, Heroism


You were on level 7 of the Dungeon.
You worshipped Okawaru.
Okawaru was greatly pleased with you.
You visited 2 branches of the dungeon, and saw 8 of its levels.

You collected 308 gold pieces.

Inventory:

Hand Weapons
 a - a +1 long sword (weapon)
Missiles
 b - 6 atropa-tipped darts (quivered)
 e - 28 poisoned darts
 z - 2 throwing nets
Armour
 c - a +0 kite shield (worn)
 d - a +0 plate armour (worn)
 n - a +0 chain mail
Jewellery
 h - a +6 ring of intelligence
 i - a +4 ring of slaying (left hand)
 r - a +6 ring of dexterity (right hand)
 t - a ring of fire
 v - an amulet of the acrobat
 w - an amulet of reflection (around neck)
 y - a ring of protection from cold
Wands
 l - a wand of flame (18)
 A - a wand of acid (7)
Scrolls
 g - a scroll of enchant weapon
 m - a scroll of teleportation
 x - a scroll of fear {unknown}
Potions
 f - 2 potions of heal wounds
 j - a potion of mutation {unknown}
 k - 2 potions of curing
 o - a potion of cancellation {unknown}
 p - 2 potions of invisibility
 q - 3 potions of haste {unknown}
 s - a potion of magic {unknown}
 u - a potion of berserk rage {unknown}


   Skills:
 + Level 6.9(11.9) Fighting
 + Level 9.5(14.5) Long Blades
 * Level 5.7(10.7) Throwing
 + Level 8.4(13.4) Armour
 + Level 8.1(13.1) Shields
 * Level 5.6 Invocations
 + Level 1.8 Evocations


You had 9 spell levels left.
You didn't know any spells.
Your spell library contained the following spells:

 Spells                   Type           Power      Damage    Failure   Level
 Magic Dart               Conj           0%         1d3       99%         1
 Call Imp                 Summ           0%         N/A       100%        2
 Mephitic Cloud           Conj/Pois/Air  0%         N/A       100%        3
 Chain Lightning          Conj/Air       0%         N/A       100%        9
 Fire Storm               Conj/Fire      0%         5d1       100%        9


Dungeon Overview and Level Annotations

Branches:
Dungeon (7/15)             Temple (1/1) D:4

Altars:
Ashenzari
Cheibriados
Elyvilon
Fedhas
Hepliaklqana
Kikubaaqudgha
Makhleb
Nemelex Xobeh
Okawaru
Ru
Sif Muna
Yredelemnul
Zin
The Shining One

Shops:
D:3 =

Annotations:
D:6 exclusion: oklob plant


Innate Abilities, Weirdness & Mutations

You have a pair of horns on your head.
You reflexively headbutt those who attack you in melee.


Message History

Throw: 3 javelins (silver)
Press: ? - help, Q - select action, (/) - cycle Shift-Dir - straight line, f/p - skeletal warrior
Aim: a skeletal warrior, wielding a +2 glaive of freezing (69% to hit)
You throw a silver javelin.
The silver javelin pierces through the skeletal warrior!
The skeletal warrior is lightly damaged.
Throw: 2 javelins (silver)
Press: ? - help, Q - select action, (/) - cycle Shift-Dir - straight line, f/p - skeletal warrior
Aim: a skeletal warrior, wielding a +2 glaive of freezing (lightly damaged, 69% to hit)
You throw a silver javelin.
The silver javelin pierces through the skeletal warrior!
The skeletal warrior is moderately damaged.
Throw: javelin (silver)
Press: ? - help, Q - select action, (/) - cycle Shift-Dir - straight line, f/p - skeletal warrior
Aim: a skeletal warrior, wielding a +2 glaive of freezing (moderately damaged, 68% to hit)
You throw a silver javelin.
The silver javelin barely misses the skeletal warrior.
You gain the combat prowess of a mighty hero.
Throw: 7 darts (atropa)
Press: ? - help, Q - select action, (/) - cycle Shift-Dir - straight line, f/p - skeletal warrior
Aim: a skeletal warrior, wielding a +2 glaive of freezing (moderately damaged, 73% to hit, immune)
You throw an atropa-tipped dart.
The atropa-tipped dart hits the skeletal warrior.
The skeletal warrior is unaffected.
The skeletal warrior is moderately damaged.
The skeletal warrior hits you but does no damage.
Found 22 sling bullets.
The skeletal warrior hits you with a +2 glaive of freezing!!
The skeletal warrior freezes you.
You hit the skeletal warrior but do no damage.
The skeletal warrior is moderately damaged.
The skeletal warrior hits you with a +2 glaive of freezing!
* * * LOW HITPOINT WARNING * * *
The skeletal warrior freezes you.
* * * LOW HITPOINT WARNING * * *
You barely miss the skeletal warrior.
The skeletal warrior is moderately damaged.
The sentinel's mark upon you fades away.
The skeletal warrior hits you with a +2 glaive of freezing!!
You die...

########## zy.......#
.z....... (y..z....
#.......################
#.....z.#...............
#......@#...............
#.......'...............
#.......#..$.......(_...
#.......#...............
#.......#......)......⌠.
#....####...............
#....#.......####.......
.....#.......# ##...._.
.. .'.......# ####...


You could see 4 skeletal warriors and 2 killer bees.

Vanquished Creatures
  Harold (D:7)
  A cyclops (D:6)
  A hornet (D:7)
  Grinder (D:4)
  2 wraiths
  7 yaks (D:6)
  2 water moccasins
  2 sky beasts
  2 orc warriors (D:6)
  2 black bears (D:6)
  An ogre (D:6)
  A centaur (D:5)
  A phantom (D:5)
  4 scorpions
  2 bullfrogs (D:6)
  A water moccasin skeleton (D:6)
  A howler monkey (D:5)
  3 centaur zombies
  A gnoll shaman (D:5)
  A bullfrog zombie (D:6)
  2 hounds (D:6)
  An orc priest (D:4)
  A jelly (D:6)
  3 centaur skeletons
  5 iguanas
  4 orc wizards
  A killer bee zombie (D:6)
  4 howler monkey zombies
  5 gnolls (D:5)
  6 adders
  3 white imps
  2 ufetubi
  4 worms
  2 dart slugs
  13 orcs
  10 endoplasms
  5 giant cockroaches
  12 goblins
  9 hobgoblins
  3 jackals (D:3)
  5 quokkas
  10 ball pythons
  4 bats
  5 frilled lizards
  9 kobolds
  6 rats
  A spectral hobgoblin (D:2)
172 creatures vanquished.

Notes
Turn   | Place    | Note
-------+----------+-------------------------------------------
     0 | D:1      | alasdair19 the Minotaur Fighter began the quest for the
                  | Orb.
     0 | D:1      | Reached XP level 1. HP: 19/19 MP: 0/0
    62 | D:1      | Reached XP level 2. HP: 27/27 MP: 1/1
   211 | D:1      | Reached skill level 3 in Long Blades
   304 | D:1      | Reached XP level 3. HP: 32/33 MP: 2/2
  1193 | D:2      | Found a faded altar of an unknown god.
  1385 | D:2      | Reached XP level 4. HP: 36/40 MP: 3/3
  1726 | D:3      | Found a sacrificial altar of Ru.
  1874 | D:3      | Reached skill level 4 in Long Blades
  1874 | D:3      | Reached skill level 1 in Throwing
  1874 | D:3      | Reached XP level 5. HP: 46/47 MP: 4/4
  2087 | D:3      | Found Ozut Pyu's Jewellery Emporium.
  2195 | D:3      | Found a shimmering blue altar of Sif Muna.
  2417 | D:4      | Noticed Grinder
  2423 | D:4      | Killed Grinder
  2424 | D:4      | Reached skill level 5 in Long Blades
  2424 | D:4      | Reached skill level 5 in Armour
  2424 | D:4      | Reached skill level 1 in Evocations
  2424 | D:4      | Reached XP level 6. HP: 37/53 MP: 5/5
  2885 | D:4      | Found a staircase to the Ecumenical Temple.
  2906 | Temple   | Entered the Ecumenical Temple
  2956 | Temple   | Became a worshipper of Warmaster Okawaru
  3195 | D:4      | Found a hazy altar of Hepliaklqana.
  3198 | D:4      | Found an ancient bone altar of Kikubaaqudgha.
  3201 | D:4      | Found a snail-covered altar of Cheibriados.
  3222 | D:5      | Entered Level 5 of the Dungeon
  3320 | D:5      | Noticed a wraith
  3325 | D:5      | Reached XP level 7. HP: 48/60 MP: 6/6
  3335 | D:5      | Killed a wraith
  3336 | D:5      | Reached skill level 6 in Long Blades
  3336 | D:5      | Reached skill level 1 in Invocations
  3702 | D:5      | Reached skill level 5 in Fighting
  3737 | D:5      | Reached skill level 5 in Shields
  3977 | D:5      | Reached * piety under Okawaru
  4151 | D:5      | Reached XP level 8. HP: 68/68 MP: 8/8
  4546 | D:5      | Reached skill level 7 in Long Blades
  4680 | D:6      | Reached ** piety under Okawaru
  4808 | D:6      | Noticed a cyclops
  4829 | D:6      | Killed a cyclops
  4829 | D:6      | Reached *** piety under Okawaru
  4830 | D:6      | Reached XP level 9. HP: 43/75 MP: 10/10
  4841 | D:6      | Reached skill level 8 in Long Blades
  4988 | D:6      | Received a gift from Okawaru
  5365 | D:6      | Reached skill level 5 in Throwing
  5374 | D:6      | Reached **** piety under Okawaru
  5375 | D:6      | Reached skill level 5 in Invocations
  5378 | D:6      | Reached skill level 9 in Long Blades
  5505 | D:6      | Reached XP level 10. HP: 84/84 MP: 12/12
  6077 | D:6      | Found a blossoming altar of Fedhas.
  6100 | D:6      | Noticed an oklob plant
  6405 | D:7      | Paralysed by a hornet for 1 turns
  6538 | D:7      | Noticed Harold
  6543 | D:7      | Noticed a skeletal warrior
  6544 | D:7      | Noticed a skeletal warrior
  6544 | D:7      | Noticed a skeletal warrior
  6545 | D:7      | Noticed a skeletal warrior
  6545 | D:7      | Noticed a skeletal warrior
  6546 | D:7      | HP: 3/84 [killer bee (5)]
  6547 | D:7      | Found a broken altar of Ashenzari.
  6547 | D:7      | Found a white marble altar of Elyvilon.
  6574 | D:7      | Found a burning altar of Makhleb.
  6755 | D:7      | Killed Harold
  6755 | D:7      | Received a gift from Okawaru
  6791 | D:7      | Mangled by a skeletal warrior

Illustrated notes

Levels and vault maps discovered:
D:1:      dpeg_arrival_pits, layout_loops_ring, amcnicky_mini_corridor_feature,
          minmay_parallelograms, minivault_19
D:2:      layout_basic, dreamdust_ecumenical_altar_drowned_temple
D:3:      layout_loops_ring, nicolae_ru_sacrificial_ziggurat,
          mainiacjoe_overflow_paths, serial_shops, nicolae_lakefront_shop
D:4:      layout_loops_ring, minitemple, minmay_temple_entry_glassed_door,
          corexii_item_surrounded_by_moat, uniq_grinder
D:5:      layout_loops_ring
D:6:      cheibrodos_fzero, layout_basic, tgw_fedhas,
          corexii_item_surrounded_by_moat
D:7:      layout_gridville, nicolae_uskayaw_suspiria,
          grunt_temple_overflow_open, serial_shops, shop, uniq_pikel,
          uniq_harold
Temple:   hc_temple_tempest_star

Skill      XL: |  1  2  3  4  5  6  7  8  9 10 |
---------------+-------------------------------+-----
Fighting       | 4 5 6 |  6.9
Long Blades    | 3 4 5 6 7 9 |  9.5
Armour         | 4 5 6 7 8 |  8.4
Shields        | 4 5 6 7 8 |  8.1
Throwing       | 1 2 3 4 5 |  5.7
Evocations     | 1 |  1.8
Invocations    | 2 3 5 |  5.6

Action                   |  1- 3 |  4- 6 |  7- 9 | 10-12 || total
-------------------------+-------+-------+-------+-------++-------
Melee: Long sword        |    93 |    89 |   186 |    52 ||   420
       Headbutt          |    11 |    19 |    55 |    15 ||   100
Throw: Dart              |       |     2 |    10 |     5 ||    17
       Javelin           |       |       |       |     3 ||     3
Invok: Heroism           |       |       |       |     2 ||     2
  Use: Scroll            |       |       |     7 |     1 ||     8
       Potion            |       |       |     2 |     2 ||     4
 Stab: Held in net/web   |       |       |       |     3 ||     3
Armor: Scale mail        |    34 |     5 |       |       ||    39
       Chain mail        |       |    26 |    58 |       ||    84
       Plate armour      |       |       |     4 |    23 ||    27
Dodge: Dodged            |    31 |    21 |    57 |    11 ||   120
Block: Kite shield       |    41 |    36 |   129 |    45 ||   251
       Reflection        |       |       |       |     4 ||     4
       Rpst.: Long sword |     8 |     7 |    12 |     1 ||    28
